 Dungeon Crawl Stone Soup version 0.18-a0-1347-gb9e2fb4 (webtiles) character file.

346 M4edhros the Sneak (level 6, -3/42 HPs)
             Began as an Octopode Monk on Feb 17, 2016.
             Killed from afar by Edmund the steam dragon (19 damage)
             ... with a ball of steam
             ... on level 4 of the Dungeon.
             The game lasted 00:06:20 (1069 turns).

M4edhros the Sneak (Octopode Monk)                  Turns: 1069, Time: 00:06:21

Health: -3/42      AC:  1    Str: 11    XL:     6   Next: 59%
Magic:  6/6        EV: 14    Int: 12    God:
Gold:   84         SH:  0    Dex: 21    Spells: 0 memorised, 5 levels left

rFire  . . .     SeeInvis .     a - +2 hunting sling (flame) {a}
rCold  . . .     Gourm    .     (no shield)
rNeg   . . .     Faith    .     (helmet restricted)
rPois  .         Spirit   .     (no amulet)
rElec  .         Dismiss  .     s - +5 ring of dexterity
rCorr  .         Reflect  .     (no ring)
SustAt .         Harm     .     (no ring)
MR     .....                    (no ring)
Stlth  ++++++....               (no ring)
                                (no ring)
                                (no ring)
                                (no ring)

@: not resistant to hostile enchantments, very stealthy
A: almost no armour, amphibious, 8 rings, constrict 8, camouflage 1, gelatinous
body 1
a: no special abilities


You were on level 4 of the Dungeon.
You were hungry.

You visited 1 branch of the dungeon, and saw 4 of its levels.

You collected 84 gold pieces.

Inventory:

Hand Weapons
 a - a +2 hunting sling of flaming (weapon) {a}
Missiles
 h - 38 stones (quivered)
 u - 5 sling bullets
Jewellery
 s - a +5 ring of dexterity (left tentacle)
Wands
 g - a wand of digging (13/24)
 o - a wand of polymorph (9/24)
Scrolls
 b - 3 scrolls of identify {unknown}
 d - 2 scrolls of fear {unknown}
 f - 2 scrolls of magic mapping {unknown}
 j - 4 scrolls of blinking {unknown}
 k - 3 scrolls of remove curse {unknown}
 l - a scroll of random uselessness {unknown}
 q - a scroll of amnesia {unknown}
 r - a scroll of recharging {unknown}
Potions
 c - 2 potions of curing {unknown}
 i - 2 potions of brilliance {unknown}
 t - a potion of cancellation {unknown}
 v - a potion of agility {unknown}
Books
 p - a book of Fire

   Spells                             Type                      Level
   a - Ignite Poison                  Fire/Transmutation/Poison    3
   b - Fireball                       Conjuration/Fire             5
   c - Bolt of Fire                   Conjuration/Fire             6
   d - Delayed Fireball               Conjuration/Fire             7
   e - Ring of Flames                 Charms/Fire                  7
Comestibles
 e - 3 bread rations
 m - a royal jelly
 n - a slice of pizza


   Skills:
 - Level 3.0 Fighting
 + Level 2.8 Slings
 - Level 3.0 Dodging
 + Level 6.3 Stealth
 + Level 5.7 Unarmed Combat


You had 5 spell levels left.
You didn't know any spells.

Dungeon Overview and Level Annotations

Branches:
Dungeon (4/15)
 Temple: D:4-7

Altars:
Elyvilon
Okawaru
Yredelemnul

Shops:
D:4 }(

Annotations:
D:2 Sigmund
D:4 Edmund


Innate Abilities, Weirdness & Mutations

You cannot wear most types of armour.
You are amphibious.
You can wear up to eight rings at the same time.
You can use your tentacles to constrict eight enemies at once.
Your skin changes colour to match your surroundings (Stealth).
Your rubbery body absorbs attacks (AC +1).


Message History

Evoking this partially-identified wand wasted a few charges.
Evoke which item? (* to show all) (? for menu, Esc to quit)
Zapping:
o - a wand of polymorph {zapped: 2} (will waste charges)
Press: ? - help, Shift-Dir - straight line, f/p - Edmund
Aim: Edmund, wielding a flail of draining and wearing a leather armour (lightly wounded, chance to defeat MR: 46%) Edmund evaporates and reforms as a steam dragon!
Evoking this partially-identified wand wasted a few charges.
Read which item? (? for menu, Esc to quit)
Okay, then.
Edmund misses you. Edmund claws you. Edmund breathes steam at you.
The ball of steam misses you.
You are engulfed in a cloud of scalding steam.
You are feeling hungry.
Edmund breathes steam at you. The ball of steam misses you.
You are engulfed in a cloud of scalding steam.
Edmund breathes steam at you. The ball of steam hits you!
You die...

#...........#..........
##.#...........#.#......
##..............#.#......
#########...........#.....#......
#.............)≈.≈..#............
#.#.∩.#.#.....≈≈.≈≈..............
..........>...≈≈∩≈≈......§.#..###
....#.........≈≈≈≈≈........#..#
.........#...<#≈@§.......§###.#
............^.....§§D.........##
.........######.#..........##..##
.........# #..##..#.##...###§.#
.........# #.......#..#...# ##.#
........O####.#.###.##....## #.#
................###.......# #..
.............##.........#.# ###
###.#.....#### #######.#.# #


You could see Edmund the steam dragon.

Vanquished Creatures
  A phantom (D:4)
  An ogre (D:4)
  A hound (D:4)
  A worker ant zombie (D:4)
  4 gnolls (D:3)
  4 adders
  A worm (D:3)
  A giant gecko (D:1)
  2 orcs (D:3)
  3 ball pythons
  9 bats
  6 goblins
  4 hobgoblins
  5 jackals
  3 kobolds
  A giant newt (D:3)
  2 rats (D:1)
49 creatures vanquished.

Notes
Turn   | Place    | Note
--------------------------------------------------------------
     0 | D:1      | M4edhros the Octopode Monk began the quest for the Orb.
     0 | D:1      | Reached XP level 1. HP: 16/16 MP: 1/1
    79 | D:1      | Reached XP level 2. HP: 19/21 MP: 2/2
   290 | D:2      | Reached XP level 3. HP: 19/26 MP: 3/3
   321 | D:2      | Noticed Sigmund
   509 | D:3      | Reached skill level 1 in Slings
   509 | D:3      | Reached XP level 4. HP: 25/31 MP: 4/4
   678 | D:4      | Found Keuxas's Antique Weapon Shoppe.
   697 | D:4      | Found Vuatsee's Gadget Shop.
   719 | D:4      | Noticed an ogre
   749 | D:4      | Killed an ogre
   749 | D:4      | Reached skill level 5 in Stealth
   749 | D:4      | Reached skill level 5 in Unarmed Combat
   749 | D:4      | Reached XP level 5. HP: 27/36 MP: 5/5
   771 | D:4      | Found a white marble altar of Elyvilon.
   776 | D:4      | Found a basalt altar of Yredelemnul.
   776 | D:4      | Found an iron altar of Okawaru.
   800 | D:4      | Reached XP level 6. HP: 18/42 MP: 6/6
   844 | D:4      | Noticed a phantom
   907 | D:4      | Killed a phantom
   907 | D:4      | Reached skill level 6 in Stealth
  1007 | D:4      | Noticed Edmund
  1051 | D:4      | Noticed Edmund
  1051 | D:4      | Edmund changed into Edmund the steam dragon
  1069 | D:4      | Killed from afar by Edmund the steam dragon

Vault maps used:
D:1:      minmay_arrival_wavy_path
D:2:      nicolae_dithmenos_shadow_blocks, minmay_rat_hole, uniq_sigmund
D:3:      st_stairs_12, uniq_crazy_yiuf_cottage
D:4:      grunt_temple_overflow_open, serial_corexii_hall,
          corexii_hall_statues_s, corexii_hall_statues_l, serial_shops,
          nicolae_shop_competitors_out_of_business, nicolae_shop_crystal,
          nicolae_shop_waterfront, nicolae_shop_stone, uniq_duvessa, uniq_edmund

Action                   |  1- 3 |  4- 6 || total
-------------------------+-------+-------++-------
Melee: Unarmed           |    56 |     7 ||    63
 Fire: Hunting sling     |       |    75 ||    75
Evoke: Wand              |       |     2 ||     2
 Stab: Sleeping          |     9 |       ||     9
